 Dungeon Crawl Stone Soup version 0.28.0 (webtiles) character file.

Game seed: 887735171952687215

47330 dolemite99 the Basher (level 14, -1/92 HPs)
             Began as a Gargoyle Fighter on Feb 5, 2022.
             Was an Initiate of Gozag.
             Slain by an eight-headed hydra (2 damage)
             ... on level 5 of the Lair of Beasts.
             The game lasted 00:25:49 (23315 turns).

dolemite99 the Basher (Gargoyle Fighter)           Turns: 23315, Time: 00:25:50

Health: -1/92      AC: 31    Str: 28    XL:     14   Next: 41%
Magic:  14/14      EV: 11    Int:  9    God:    Gozag
Gold:   2563       SH: 14    Dex: 12    Spells: 13/13 levels left

rFire   + . .      SeeInvis .   a - +7 flail (freeze)
rCold   . . .      Faith    .   A - +0 kite shield
rNeg    + . .      Spirit   .   E - +3 chain mail {rF+}
rPois   ∞          Reflect  .   t - +2 helmet
rElec   +          Harm     .   B - +1 cloak
rCorr   .          Rampage  .   (no gloves)
Will    +....                   (no boots)
Stlth   ..........              P - amulet of Neiry {Acrobat Regen+ Str+3 Dex+3}
HPRegen 1.05/turn               l - +4 ring of evasion
MPRegen 0.14/turn               (no ring)

@: about to teleport, flying
A: sickness immunity, AC +10, big wings, negative energy resistance 1,
electricity resistance, torment resistance 1, petrification resistance, large
bone plates 1, subdued magic 1
a: Renounce Religion, Potion Petition, Call Merchant, Bribe Branch


You were on level 5 of the Lair of Beasts.
You worshipped Gozag.
Gozag was most pleased with you.
You visited 2 branches of the dungeon, and saw 17 of its levels.
You also visited: Volcano.

You collected 5351 gold pieces.
You spent 1034 gold pieces at shops.
You paid 1754 gold pieces to Gozag.

Inventory:

Hand Weapons
 a - a +7 flail of freezing (weapon)
 r - the +1 hand axe "Zoddul" {vorpal, Str-5 Dex+3 SInv}
   (You found it on level 3 of the Dungeon)

   It inflicts extra damage upon your enemies.
   Str:       It affects your strength (-5).
   Dex:       It affects your dexterity (+3).
   SInv:      It lets you see invisible.
 S - a +0 morningstar
Missiles
 k - 482 stones (quivered)
 p - 291 bolts
 v - 72 poisoned darts
 y - a throwing net
 C - 2 datura-tipped darts
 I - 11 curare-tipped darts
Armour
 t - a +2 helmet (worn)
 A - a +0 kite shield (worn)
 B - a +1 cloak (worn)
 E - a +3 chain mail of fire resistance (worn)
Magical Staves
 j - a staff of earth
Jewellery
 i - a ring of ice
 l - a +4 ring of evasion (left hand)
 s - a ring of fire
 L - an amulet of reflection
 P - the amulet of Neiry (around neck) {Acrobat Regen+ Str+3 Dex+3}
   (You bought it in a shop on level 8 of the Dungeon)

   [amulet of the acrobat]

   It increases your evasion while moving and waiting.
   Str:       It affects your strength (+3).
   Dex:       It affects your dexterity (+3).
   Regen:     It increases your rate of health regeneration.
 R - a ring of ice
Wands
 d - a wand of digging (7)
 u - a wand of charming (14)
 w - a wand of iceblast (5)
 D - a wand of paralysis (4)
 J - a wand of polymorph (4)
 Q - a wand of flame (14)
 V - a wand of mindburst (9)
Scrolls
 c - 9 scrolls of identify {@r1}
 g - 8 scrolls of teleportation
 G - a scroll of silence
 K - 3 scrolls of fog
 N - a scroll of blinking
Potions
 e - a potion of haste
 f - a potion of cancellation
 m - a potion of heal wounds
 n - 6 potions of curing
 o - 4 potions of mutation
 q - 6 potions of lignification
 x - 4 potions of brilliance
 z - a potion of berserk rage
 F - a potion of attraction
 H - 4 potions of magic
 M - 2 potions of ambrosia
 T - a potion of flight


   Skills:
 - Level 12.4 Fighting
 - Level 9.5(12.1) Axes
 - Level 13.1(14.5) Maces & Flails
 - Level 8.1 Throwing
 - Level 11.0 Armour
 - Level 8.7 Shields
 + Level 3.1 Evocations


You had 13 spell levels left.
You didn't know any spells.
Your spell library contained the following spells:

 Spells                   Type           Power      Damage    Failure   Level
 Apportation              Tloc           0%         N/A       98%         1
 Freeze                   Ice            0%         1d3       98%         1
 Slow                     Hex            0%         N/A       98%         1
 Sting                    Tmut/Pois      0%         1d3       98%         1
 Summon Small Mammal      Summ           0%         N/A       98%         1
 Ensorcelled Hibernation  Hex/Ice        0%         N/A       99%         2
 Passwall                 Tmut/Erth      0%         N/A       99%         2
 Poisonous Vapours        Pois/Air       0%         N/A       99%         2
 Static Discharge         Conj/Air       0%         N/A       99%         2
 Call Canine Familiar     Summ           0%         N/A       100%        3
 Confusing Touch          Hex            0%         N/A       100%        3
 Conjure Flame            Conj/Fire      0%         6-21      100%        3
 Frozen Ramparts          Ice            0%         1d2       100%        3
 Ignite Poison            Fire/Tmut/Pois 0%         N/A       100%        3
 Mephitic Cloud           Conj/Pois/Air  0%         N/A       100%        3
 Summon Guardian Golem    Hex/Summ       0%         N/A       100%        3
 Swiftness                Air            0%         N/A       100%        3
 Vampiric Draining        Necr           0%         2d6       100%        3
 Dispel Undead            Necr           0%         3d6       100%        4
 Hailstorm                Conj/Ice       0%         3d3       100%        4
 Olgreb's Toxic Radiance  Pois           0%         N/A       100%        4
 Sticky Flame             Conj/Fire      0%         2d3       100%        4
 Alistair's Intoxication  Tmut/Pois      0%         N/A       100%        5
 Freezing Cloud           Conj/Ice/Air   0%         6-21      100%        5
 Iskenderun's Battlesphe  Conj           0%         2d6       100%        5
 Conjure Ball Lightning   Conj/Air       0%         3x3d6     100%        6
 Orb of Destruction       Conj           0%         9d5       100%        7
 Discord                  Hex            0%         N/A       100%        8
 Disjunction              Tloc           0%         N/A       100%        8


Dungeon Overview and Level Annotations

Branches:
Dungeon (11/15)            Temple (0/1) D:7            Lair (6/6) D:8
  Swamp (0/4) Lair:2       Spider (0/4) Lair:2        Slime (0/5) Lair:5
Volcano (visited)
    Orc: D:9-12

Altars:
Ashenzari
Gozag
Kikubaaqudgha
Zin
Jiyva

Shops:
D:4 [   D:8 =   D:9 !

Annotations:
Lair:3 1 runed translucent door, Luuwnalu's ghost, journeyman KoHu


Innate Abilities, Weirdness & Mutations

You are immune to sickness and miasma.
Your stone body is resilient. (AC +10)
You are immune to poison.
Your large and strong wings let you fly.
You resist negative energy. (rN+)
You are resistant to electric shocks. (rElec)
You are resistant to unholy torment.
You are immune to petrification.
You are partially covered in large bone plates. (SH +4)
Your spells are a little easier to cast, but a little less powerful.


Message History

The eight-headed hydra bites you but does no damage.
The eight-headed hydra barely misses you.
The eight-headed hydra bites you but does no damage.
You block the eight-headed hydra's attack.
The eight-headed hydra bites you but does no damage. x3
The wolf completely misses you.
The wolf splashes around in the water.
The wolf bites you!
You closely miss the wolf. The wolf bites you.
The wolf bites you but does no damage. x2
The wolf splashes around in the water.
You block the wolf's attack.
The wolf bites you but does no damage. x2; You block the wolf's attack.
The eight-headed hydra bites you.
The eight-headed hydra bites you but does no damage. x2
The eight-headed hydra completely misses you.
The eight-headed hydra bites you but does no damage. x3
The eight-headed hydra bites you!
* * * LOW HITPOINT WARNING * * *
[a] - 928 gold - brilliance, magic, haste and resistance [b] - 928 gold - haste, resistance, brilliance and magic [c] - 253 gold - curing and magic Purchase which effect?
You feel better. Magic courses through your body.
The wolf bites you but does no damage. You block the wolf's attack.
The wolf bites you but does no damage. You block the wolf's attack.
The wolf bites you.
* * * LOW HITPOINT WARNING * * *
The wolf bites you.
* * * LOW HITPOINT WARNING * * *
The wolf barely misses you. x2; The wolf bites you but does no damage. x2
The eight-headed hydra bites you.
* * * LOW HITPOINT WARNING * * *
The eight-headed hydra bites you.
* * * LOW HITPOINT WARNING * * *
The eight-headed hydra bites you!
* * * LOW HITPOINT WARNING * * *
The eight-headed hydra barely misses you.
The eight-headed hydra bites you but does no damage. x2
The eight-headed hydra bites you.
You die...
Your body crumbles into a pile of gold.

###### ##### ### ##.≈#≈###.#.#
####.######...≈...≈..####### ####
...##..P##....≈≈≈≈≈≈...P...###.##
.........^..≈≈≈≈≈≈≈≈≈............
...........≈≈≈≈≈≈≈≈≈≈............
...........≈≈≈≈hh≈≈≈≈......#.....
.......>....≈≈≈D@h≈≈≈≈.....#.....
#......_...≈≈≈≈hhh≈≈≈............
...........≈≈≈≈≈≈≈≈≈≈........#P..
.....#...P...≈≈≈≈≈≈≈...P.........
..#...........≈≈≈≈≈≈≈..P.#.......
...#............≈.≈......#.......
...#.......#.....................
..##...P.....................PP.#
...#.....P.#.......P.<...........


You could see an eight-headed hydra and 6 wolves.

Vanquished Creatures
  Gastronok (Lair:2)
  A red draconian (Volcano)
  Fannar (Lair:1)
  7 hydras
  A boulder beetle (Lair:5)
  A centaur warrior (Volcano)
  9 death yaks (Lair:4)
  3 two-headed ogres
  Sonja (Lair:5)
  Pikel (D:4)
  4 lindwurms
  2 ugly things
  2 elephants (Lair:5)
  Joseph (D:9)
  5 black mambas
  A torpor snail (Lair:2)
  9 cane toads
  2 kobold demonologists
  4 komodo dragons
  2 rime drakes
  4 yaktaurs (Volcano)
  A tengu conjurer (D:10)
  3 trolls
  A hornet (Lair:5)
  20 blink frogs
  7 dream sheep (Lair:5)
  A meliai zombie (D:11)
  4 culicivoras (Lair:2)
  3 jumping spiders (Lair:2)
  Sigmund (D:2)
  3 wyverns
  20 yaks
  A spriggan (Lair:5)
  A steam dragon (D:7)
  A wraith (D:5)
  Grum (D:9)
  2 basilisks
  Edmund (D:6)
  A redback (Lair:2)
  An acid dragon (D:10)
  12 water moccasins
  3 orc warriors
  A sky beast (D:5)
  2 ogres (D:4)
  A necrophage (D:4)
  19 wolves
  8 centaurs
  A phantom (D:6)
  18 kobold brigands
  3 lemures (D:4)
  7 bullfrogs
  2 scorpions (D:6)
  A wyvern zombie (D:8)
  A water moccasin skeleton (D:4)
  6 killer bees (D:8)
  8 wights
  4 howler monkeys
  5 centaur zombies
  2 hounds
  A jelly (D:2)
  Crazy Yiuf (D:4)
  A gnoll shaman (D:9)
  10 orc priests
  A centaur skeleton (D:6)
  Jessica (D:2)
  7 iguanas
  Natasha (twice) (D:3)
  Ijyb (D:3)
  5 orc wizards
  A killer bee zombie (D:6)
  2 hound skeletons
  Robin (D:3)
  2 howler monkey zombies
  5 gnolls (D:9)
  6 adders
  A shadow imp (D:7)
  2 white imps
  2 ufetubi (D:4)
  An adder skeleton (D:3)
  An adder zombie (D:3)
  2 worms (D:4)
  2 dart slugs
  30 orcs
  6 ball pythons
  A bat zombie (D:8)
  5 endoplasms
  6 giant cockroaches
  7 hobgoblins
  2 jackals (D:3)
  15 kobolds
  2 ball python zombies (D:3)
  6 bats
  2 frilled lizards
  10 goblins
  A jackal zombie (D:3)
  2 quokka skeletons
  A quokka zombie (D:3)
  A rat (D:2)
394 creatures vanquished.

Vanquished Creatures (others)
  A kobold brigand (D:8)
  17 fungi
  42 plants
  2 withered plants (D:3)
62 creatures vanquished.

Grand Total: 456 creatures vanquished

Notes
Turn   | Place    | Note
-------+----------+-------------------------------------------
     0 | D:1      | dolemite99 the Gargoyle Fighter began the quest for the
                  | Orb.
     0 | D:1      | Reached XP level 1. HP: 14/14 MP: 1/1
   108 | D:1      | Found a faded altar of an unknown god.
   164 | D:1      | Prayed at the altar of an unknown god.
   164 | D:1      | Became a worshipper of Gozag Ym Sagoz the Greedy
   791 | D:2      | Noticed Sigmund
   797 | D:2      | Killed Sigmund
   798 | D:2      | Reached skill level 5 in Axes
   798 | D:2      | Reached XP level 2. HP: 8/19 MP: 2/2
   798 | D:2      | Reached XP level 3. HP: 10/23 MP: 3/3
   798 | D:2      | Reached XP level 4. HP: 12/28 MP: 4/4
   798 | D:2      | Reached XP level 5. HP: 14/32 MP: 5/5
   984 | D:2      | Noticed Jessica
   993 | D:2      | Killed Jessica
  1177 | D:2      | Reached XP level 6. HP: 15/37 MP: 6/6
  2283 | D:3      | Identified the +1 hand axe "Zoddul" {vorpal, Str-5 Dex+3
                  | SInv}
  2468 | D:3      | Noticed Robin
  2473 | D:3      | Killed Robin
  3043 | D:3      | Noticed Ijyb
  3046 | D:3      | Noticed Natasha
  3059 | D:3      | Killed Natasha
  3063 | D:3      | Killed Ijyb
  3212 | D:3      | Reached XP level 7. HP: 19/41 MP: 7/7
  3656 | D:3      | Noticed Natasha
  3665 | D:3      | Killed Natasha
  4610 | D:4      | Found Boomi's Antique Armour Shoppe.
  5208 | D:4      | Found a runed translucent door.
  5209 | D:4      | Noticed Crazy Yiuf
  5401 | D:4      | Noticed Pikel
  5431 | D:4      | Gained mutation: Your spells are a little easier to cast,
                  | but a little less powerful. [potion of mutation]
  5431 | D:4      | Gained mutation: You are partially covered in large bone
                  | plates. (SH +4) [potion of mutation]
  5470 | D:4      | Killed Pikel
  5471 | D:4      | Reached XP level 8. HP: 9/46 MP: 8/8
  6053 | D:4      | Bought a kite shield for 121 gold pieces
  6512 | D:4      | Killed Crazy Yiuf
  6595 | D:5      | Entered Level 5 of the Dungeon
  6679 | D:5      | Noticed a wraith
  6697 | D:5      | Killed a wraith
  6698 | D:5      | Reached skill level 5 in Shields
  7556 | D:5      | Reached XP level 9. HP: 51/51 MP: 9/9
  8090 | D:6      | Noticed Edmund
  8112 | D:6      | Killed Edmund
  8311 | D:6      | Reached skill level 1 in Maces & Flails
  8419 | D:6      | Reached skill level 2 in Maces & Flails
  8703 | D:6      | Noticed a two-headed ogre
  8721 | D:6      | Killed a two-headed ogre
  8722 | D:6      | Reached skill level 5 in Maces & Flails
  9085 | D:7      | Reached skill level 6 in Maces & Flails
  9113 | D:7      | Found a staircase to the Ecumenical Temple.
  9141 | D:7      | Reached XP level 10. HP: 42/56 MP: 10/10
  9159 | D:7      | Reached skill level 7 in Maces & Flails
 10779 | D:8      | Reached skill level 8 in Maces & Flails
 11061 | D:8      | Found a staircase to the Lair.
 11218 | D:8      | Noticed a kobold demonologist
 11235 | D:8      | Killed a kobold demonologist
 11236 | D:8      | Reached skill level 9 in Maces & Flails
 11468 | D:8      | Found an ancient bone altar of Kikubaaqudgha.
 11639 | D:9      | Reached skill level 10 in Maces & Flails
 11646 | D:9      | Noticed Grum
 11681 | D:9      | Killed Grum
 11851 | D:9      | Found Anliab's Distillery.
 11865 | D:9      | Bought a potion of heal wounds for 60 gold pieces
 11865 | D:9      | Bought a potion of heal wounds for 60 gold pieces
 11901 | D:9      | Noticed Joseph
 11915 | D:9      | Killed Joseph
 12267 | D:9      | Noticed a two-headed ogre
 12282 | D:9      | Killed a two-headed ogre
 12283 | D:9      | Reached skill level 11 in Maces & Flails
 12283 | D:9      | Reached XP level 11. HP: 54/61 MP: 11/11
 12785 | D:10     | Entered Level 10 of the Dungeon
 12834 | D:10     | Reached skill level 5 in Fighting
 12911 | D:10     | Noticed a two-headed ogre
 12923 | D:10     | Killed a two-headed ogre
 13290 | D:10     | Found an ancient bone altar of Kikubaaqudgha.
 13766 | D:10     | Noticed a green ugly thing
 13775 | D:10     | Killed a green ugly thing
 13808 | D:10     | Found a glowing silver altar of Zin.
 14322 | D:11     | Noticed a cyan ugly thing
 14751 | D:11     | Killed a cyan ugly thing
 14752 | D:11     | Reached skill level 10 in Fighting
 15046 | D:8      | Bought the amulet of Neiry {Acrobat Regen+ Str+3 Dex+3} for
                  | 793 gold pieces
 15060 | Lair:1   | Entered Level 1 of the Lair of Beasts
 15133 | Lair:1   | Noticed Fannar
 15151 | Lair:1   | Killed Fannar
 15152 | Lair:1   | Reached XP level 12. HP: 80/80 MP: 12/12
 15490 | Lair:1   | Found a dark tunnel.
 15500 | Volcano  | Entered a volcano
 15537 | Volcano  | Noticed a centaur warrior
 15579 | Volcano  | Found a bloodstained altar of Trog.
 15581 | Volcano  | Noticed a red draconian
 15589 | Volcano  | Killed a centaur warrior
 15590 | Volcano  | Reached skill level 5 in Armour
 15636 | Volcano  | Killed a red draconian
 16332 | Lair:2   | Noticed Gastronok
 16332 | Lair:2   | Noticed a six-headed hydra
 16699 | Lair:2   | Killed Gastronok
 16705 | Lair:2   | Found a broken altar of Ashenzari.
 16857 | Lair:2   | Noticed a five-headed hydra
 16884 | Lair:2   | Killed a six-headed hydra
 16885 | Lair:2   | Reached skill level 10 in Armour
 17172 | Lair:2   | Killed a five-headed hydra
 17250 | Lair:2   | Identified a scroll of acquirement
 17250 | Lair:2   | Acquired 990 gold pieces
 17348 | Lair:2   | Found a hole to the Spider Nest.
 17485 | Lair:2   | Found a staircase to the Swamp.
 17826 | Lair:2   | Reached XP level 13. HP: 43/84 MP: 13/13
 18452 | Lair:3   | Reached skill level 12 in Maces & Flails
 18620 | Lair:3   | Found a runed translucent door.
 18628 | Lair:3   | Noticed Luuwnalu's ghost (journeyman KoHu)
 19984 | Lair:4   | Reached skill level 13 in Maces & Flails
 20647 | Lair:4   | Reached skill level 1 in Throwing
 21150 | Lair:4   | Got the Reference Book on Frigorific Conjuration
 21359 | Lair:5   | Reached skill level 5 in Throwing
 21461 | Lair:4   | Gained mutation: Your large and strong wings let you fly.
                  | [Gargoyle growth]
 21461 | Lair:4   | Reached XP level 14. HP: 67/92 MP: 14/14
 21868 | Lair:5   | Found a staircase to the Slime Pits.
 21868 | Lair:5   | Found a viscous altar of Jiyva.
 21905 | Lair:5   | Noticed Sonja
 21918 | Lair:5   | Killed Sonja
 22525 | Lair:6   | Entered Level 6 of the Lair of Beasts
 22540 | Lair:5   | Reached skill level 1 in Evocations
 23315 | Lair:5   | HP: 1/92 [eight-headed hydra (10)]
 23315 | Lair:5   | Slain by an eight-headed hydra

Illustrated notes

Levels and vault maps discovered:
D:1:      eino_arrival_cavern_d, layout_loops_cross,
          shapermc_ecumenical_altar_ellora
D:2:      layout_basic, minmay_between, uniq_sigmund, uniq_jessica
D:3:      layout_rooms, serial_undead, serial_undead_d, serial_undead_d,
          serial_undead_f, serial_undead_b, uniq_robin, uniq_natasha, uniq_ijyb
D:4:      layout_basic, serial_shops, nicolae_shop_trees, minivault_27,
          uniq_crazy_yiuf_cottage, uniq_pikel
D:5:      nicolae_cairo_tiling_large_dashed, layout_basic,
          nicolae_ossuary_entry_ruins
D:6:      layout_gridville, uniq_edmund
D:7:      layout_basic, minmay_temple_entry_proselytizer
D:8:      layout_loops_ring, lemuel_zombie_altar_kikubaaqudgha, special_room
          [special_room_kobold]
D:9:      layout_loops_cross, serial_shops, shop, uniq_grum, uniq_joseph
D:10:     layout_irregular_city, hangedman_feature_mirror
D:11:     layout_irregular_city
Lair:1:   layout_loops_ring, nicolae_volcano_entry_vermiform, lemuel_fruit_tree,
          uniq_fannar
Lair:2:   layout_layer_cave, swamp_mist, nicolae_spider_entry_tight_spaces,
          lemuel_centaur_altar, uniq_gastronok
Lair:3:   layout_cave_pods, ebering_ghost_reflecting_pool, nicolae_lair_lindhole
Lair:4:   cheibrodos_lair_river_kwai, layout_cave_pods
Lair:5:   layout_long_grid, slime_altar_1, infiniplex_staircase_pool_2,
          uniq_sonja
Lair:6:   minmay_lair_end_frog_pond, layout_regular_city, serial_forest,
          infiniplex_forest_fountain, infiniplex_forest_lined_2,
          infiniplex_forest_lined_3, infiniplex_forest_corner_1,
          infiniplex_forest_lined_ring, grunt_forest_large_clearings

Skill      XL: |  1  2  3  4  5  6  7  8  9 10 11 12 13 14 |
---------------+-------------------------------------------+-----
Axes           | 5 6 9 |  9.5
Shields        | 5 7 8 |  8.7
Fighting       | 4 11 12 | 12.4
Armour         | 4 11 | 11.0
Maces & Flails | 6 11 13 | 13.1
Throwing       | 5 8 |  8.1
Evocations     | 3 |  3.1

Action                   |  1- 3 |  4- 6 |  7- 9 | 10-12 | 13-15 || total
-------------------------+-------+-------+-------+-------+-------++-------
Melee: War axe           |    16 |   150 |   278 |       |       ||   444
       Flail             |       |       |    83 |   655 |   481 ||  1219
Throw: Javelin           |     7 |     5 |     1 |    49 |    23 ||    85
       Stone             |       |    26 |    38 |    25 |    53 ||   142
       Boomerang         |       |       |       |    29 |       ||    29
Invok: Potion Petition   |       |       |     1 |       |     2 ||     3
       Call Merchant     |       |       |       |     1 |       ||     1
Evoke: Wand              |       |       |       |     3 |     6 ||     9
  Use: Potion            |     1 |     1 |     3 |     4 |     2 ||    11
       Scroll            |       |     4 |     7 |    19 |     3 ||    33
 Stab: Distracted        |       |       |       |     4 |       ||     4
Armor: Chain mail        |     3 |   112 |   121 |    99 |   242 ||   577
       Plate armour      |       |       |    75 |   214 |       ||   289
Dodge: Dodged            |     6 |    61 |    76 |   191 |   204 ||   538
Block: Buckler           |     6 |    34 |    15 |       |       ||    55
       Kite shield       |       |       |   138 |   609 |   319 ||  1066
       Reflection        |       |       |       |    31 |       ||    31
